 Dungeon Crawl Stone Soup version 0.25-a0-599-g15d2498 (webtiles) character file.

Game seed: 11372047038013641514, levelgen mode: deterministic

2 2tousent the Caller (level 1, -4/15 HPs)
             Began as a Shapeshifter Overseer on Dec 31, 2019.
             Slain by a hobgoblin (5 damage)
             ... on level 1 of the Dungeon.
             The game lasted 00:00:49 (111 turns).

2tousent the Caller (Shapeshifter Overseer)          Turns: 111, Time: 00:00:50

Health: -4/15      AC:  0    Str: 11 (14) XL:     1   Next: 40%
Magic:  0/1        EV: 11    Int: 17 (18) God:
Gold:   20         SH:  0    Dex:  9 (10) Spells: 0/1 levels left Game modifiers: None

rFire    . . .     SeeInvis .   a - +0 whip
rCold    . . .     Gourm    .   (no shield)
rNeg     . . .     Faith    .   (no armour)
rPois    .         Spirit   .   (no helmet)
rElec    .         Reflect  .   (no cloak)
rCorr    .         Harm     .   (no gloves)
MR       .....                  (no boots)
Stlth    +.........             (no amulet)
HPRegen  0.05/turn              (no ring)
MPRegen  0.07/turn              (no ring)

@: appendage (expiring)
A: horns 2, deterioration 2
a: End Transformation


You were on level 1 of the Dungeon.
You were not hungry.
You had grown temporary horns.
You visited 1 branch of the dungeon, and saw 1 of its levels.

You collected 20 gold pieces.

Inventory:

Hand Weapons
 a - a +0 whip (weapon)
Scrolls
 e - 2 scrolls of identify {unknown}
Potions
 d - a potion of lignification {unknown}
Comestibles
 b - a ration
 c - a chunk of flesh


   Skills:
 + Level 1.1 Fighting
 - Level 2.0 Maces & Flails
 * Level 0.5 Spellcasting
   Level 5.0 Summonings


You couldn't memorise any spells.
You knew the following spells:

 Your Spells              Type           Power        Failure   Level  Hunger
a - Beastly Appendage     Tmut           #.....       22%         1    ##.....

Your spell library contained the following spells:

 Spells                   Type           Power        Failure   Level  Hunger
 Call Imp                 Summ           ###.....     4%          2    ###....
 Summon Demon             Summ           ###.......   63%         5    ######.
 Malign Gateway           Summ/Tloc      #.........   100%        7    #######


Dungeon Overview and Level Annotations

Branches:
Dungeon (1/15)

Altars:


Innate Abilities, Weirdness & Mutations

Your body often deteriorates upon taking damage.
You have a pair of horns on your head.


Message History

You grow a pair of large bovine horns.
You barely miss the hobgoblin. Your headbutt misses the hobgoblin.
The hobgoblin hits you.
* * * LOW HITPOINT WARNING * * *
Your body deteriorates!
You feel weakened.
You closely miss the hobgoblin. The hobgoblin barely misses you.
You hit the hobgoblin.
The hobgoblin is moderately wounded.
The hobgoblin barely misses you.
You closely miss the hobgoblin. You headbutt the hobgoblin.
The hobgoblin is severely wounded.
The hobgoblin barely misses you.
You hit the hobgoblin but do no damage.
The hobgoblin is severely wounded.
The hobgoblin drinks a potion.
The hobgoblin is healed!
You closely miss the hobgoblin. The hobgoblin closely misses you.
You hit the hobgoblin.
The hobgoblin is moderately wounded.
The hobgoblin hits you.
You die...

#.......###..#.##.##.
#.......#... #.#.....
#..!......####.#..# #
##......(..#....#..###
#.....................
#.#...............#...
##. #%.........##.#†..
###..###(###....[........
#.....##@###......####...
#.......g.........# #...
#.....)....#......# #....
#..................##....
#..........#.............
#..........#........#....
#...........# ..# #......
..........$.... ##
#...... .####........###
....


You could see a hobgoblin.

Vanquished Creatures
  A giant cockroach (D:1)
  A bat (D:1)
  A kobold (D:1)
3 creatures vanquished.

Notes
Turn   | Place    | Note
-------+----------+-------------------------------------------
     0 | D:1      | 2tousent the Shapeshifter Overseer began the quest for the
                  | Orb.
     0 | D:1      | Reached XP level 1. HP: 15/15 MP: 1/1
   111 | D:1      | Slain by a hobgoblin

Levels and vault maps discovered:
D:1:      dpeg_arrival_simpleton_b, layout_rooms

Action                   || total
-------------------------++-------
Melee: Whip              ||    16
       Headbutt          ||     2
       Kick              ||     1
 Cast: Beastly Appendage ||     3
Dodge: Dodged            ||    12

Table legend:
 A = Non-vault XP
 B = Vault XP
 C = Vault XP percentage of total XP
 D = Non-vault monster count
 E = Vault monster count
 F = Vault count percentage of total count
                 A         B        C        D         E       F
            +---------+---------+-------+---------+---------+-------
      Total |       4 |       0 |   0.0 |       3 |       0 |   0.0
            +---------+---------+-------+---------+---------+-------
        D:1 |       4 |       0 |   0.0 |       3 |       0 |   0.0
            +---------+---------+-------+---------+---------+-------
